 Dungeon Crawl Stone Soup version 0.31.0-12-g77e489cdc1 (webtiles) character file.

Game seed: 2599816289789985583

39099 Skullgrim the Covert (level 14, -3/113 HPs)
             Began as a Gnoll Delver on Feb 12, 2024.
             Was the Champion of Nemelex Xobeh.
             Slain by Lhightning's ghost (35 damage)
             ... on level 5 of the Lair of Beasts.
             The game lasted 01:12:27 (15236 turns).

Skullgrim the Covert (Gnoll Delver)                Turns: 15236, Time: 01:12:28

Health: -3/113     AC: 13    Str: 13    XL:     14   Next: 5%
Magic:  1/27       EV: 20    Int: 13    God:    Nemelex Xobeh [******]
Gold:   1138       SH:  5    Dex: 14    Spells: 2/31 levels left

rFire   + + .        h - +7 staff of the Meek {protect, meekguard}
rCold   + . .        (shield currently unavailable)
rNeg    . . .        E - +4 ring mail {rF+}
rPois   .            K - +2 hat {Stlth+}
rElec   .            B - scarf {rC+ rF+}
rCorr   .            (no gloves)
SInv    .            (no boots)
Will    +....        a - amulet of reflection
Stlth   ++++++       u - +4 ring of slaying
HPRegen 1.18/turn    d - +5 ring of evasion
MPRegen 0.20/turn

%: reflection, clarity
@: no status effects
A: fangs 1, strong nose, distributed training, clarity, regeneration 1, wild
magic 1
a: Renounce Religion, Draw Escape, Draw Destruction, Draw Summoning, Draw Stack,
Triple Draw, Deal Four, Stack Five


You were on level 5 of the Lair of Beasts.
You worshipped Nemelex Xobeh.
Nemelex Xobeh was exalted by your worship.
You visited 3 branches of the dungeon, and saw 16 of its levels.
You also visited: Sewer and Ice Cave.

You collected 1138 gold pieces.

Inventory:

Hand Weapons
 h - the +7 staff of the Meek (weapon) {protect, meekguard}
   (You found it on level 5 of the Dungeon)
Missiles
 w - 5 curare-tipped darts (quivered)
Armour
 b - a +0 leather armour
 B - a scarf of resistance (worn)
 E - a +4 ring mail of fire resistance (worn)
 K - a +2 hat of stealth (worn)
Jewellery
 a - an amulet of reflection (around neck)
 d - a +5 ring of evasion (right hand)
 e - a ring of flight
 t - an amulet of magic regeneration
 u - a +4 ring of slaying (left hand)
 A - an amulet of faith
 H - a +4 ring of protection
 L - a ring of positive energy
 N - a +4 ring of protection
Wands
 g - a wand of digging (3)
 o - a wand of flame (5)
 r - a wand of roots (5)
 J - a wand of mindburst (30)
Scrolls
 c - a scroll of fog
 i - 11 scrolls of teleportation
 n - 2 scrolls of identify
 q - 4 scrolls of noise
 x - a scroll of revelation
 y - a scroll of poison
 G - a scroll of vulnerability
Potions
 f - 4 potions of might
 j - a potion of attraction
 k - 5 potions of resistance
 l - 5 potions of enlightenment
 m - 3 potions of brilliance
 p - a potion of berserk rage
 s - 3 potions of magic
 v - a potion of ambrosia
 z - 4 potions of degeneration
 C - 2 potions of lignification
 D - a potion of mutation
 M - 3 potions of curing


   Skills:
 + Level 11.2 Fighting
 + Level 9.2 Short Blades
 + Level 9.2 Long Blades
 + Level 10.3 Axes
 + Level 9.2 Maces & Flails
 + Level 9.2 Polearms
 + Level 9.2 Staves
 + Level 9.2 Ranged Weapons
 + Level 9.2 Throwing
 + Level 9.2 Armour
 + Level 10.3 Dodging
 + Level 13.0 Stealth
 + Level 9.2 Shields
 + Level 9.2 Unarmed Combat
 + Level 9.2 Spellcasting
 + Level 7.6 Conjurations
 + Level 7.6 Hexes
 + Level 7.6 Summonings
 + Level 7.6 Necromancy
 + Level 7.6 Translocations
 + Level 7.6 Fire Magic
 + Level 7.6 Ice Magic
 + Level 7.6 Air Magic
 + Level 7.6 Earth Magic
 + Level 7.6 Alchemy
 + Level 10.0 Invocations
 + Level 9.2 Evocations
 + Level 8.4 Shapeshifting


You had 2 spell levels left.
You knew the following spells:

 Your Spells              Type           Power      Damage    Failure   Level
a - Freeze                Ice            100%       1d10      2%          1
b - Fugue of the Fallen   Necr           33%        N/A       5%          3
c - Call Imp              Summ           66%        N/A       3%          2
d - Vhi's Electric Charg  Tloc/Air       66%        N/A       14%         4
e - Call Canine Familiar  Summ           33%        N/A       5%          3
f - Sigil of Binding      Hex            33%        N/A       5%          3
g - Summon Hydra          Summ           16%        N/A       100%        7
h - Plasma Beam           Fire/Air       16%        2x1d28    88%         6

Your spell library contained the following spells:

 Spells                   Type           Power      Damage    Failure   Level
 Apportation              Tloc           66%        N/A       2%          1
 Magic Dart               Conj           100%       1d8       2%          1
 Sublimation of Blood     Necr           33%        N/A       3%          2
 Ozocubu's Armour         Ice            33%        N/A       5%          3
 Dimensional Bullseye     Hex/Tloc       16%        N/A       14%         4
 Manifold Assault         Tloc           33%        N/A       14%         4
 Arcjolt                  Conj/Air       16%        1d26      34%         5


Dungeon Overview and Level Annotations

Branches:
Dungeon (10/15)            Temple (1/1) D:5            Lair (5/5) D:10
 Shoals (0/4) Lair:3       Spider (0/4) Lair:3        Slime (0/5) Lair:5
  Sewer (visited)           IceCv (visited)
    Orc: D:9-12

Altars:
Ashenzari
Cheibriados
Dithmenos
Elyvilon
Fedhas
Gozag
Hepliaklqana
Kikubaaqudgha
Makhleb
Nemelex Xobeh
Okawaru
Qazlal
Ru
Sif Muna
Trog
Uskayaw
Vehumet
Wu Jian
Xom
Yredelemnul
Zin
The Shining One
Jiyva

Annotations:
Lair:5 Lhightning's ghost, journeyman MiBe


Innate Abilities, Weirdness & Mutations

You have very sharp teeth.
Your uncanny sense of smell can sniff out nearby items.
Your experience applies equally to all skills.
You possess an exceptional clarity of mind.
Your natural rate of healing is unusually fast.
Your spells are a little harder to cast, but a little more powerful.


Message History

You feel your power leaking away.
The cane toad is engulfed in blazing flames.
You bludgeon the polar bear!!
You kill the polar bear!
Lhightning's ghost hits you!!
* * * LOW HITPOINT WARNING * * *
You feel your power leaking away. Lhightning's ghost misses you.
The cane toad misses you.
Things that are here:
the +8 spear of Infection {heavy, rF- Int+2 Dex+3}; a polar bear corpse; a spriggan corpse
Okay, then.
You draw a card...
You have drawn Wild Magic.
The air around Lhightning's ghost burns with energy!
Flame seeps out of Lhightning's ghost.
The cane toad looks incredibly sick.
Ice and frost explode from out of thin air!
Flame seeps out of something.
You feel a surge of magic.
You feel your power returning.
Reactivating autopickup.
The cane toad dissolves into shadows!
You feel a bit more experienced.
The boggart explodes!
Lhightning's ghost is engulfed in blazing flames.
Flame seeps out of Lhightning's ghost.
Lhightning's ghost completely misses you.
You feel much better. Lhightning's ghost hits you.
Lhightning's ghost is engulfed in blazing flames.
Flame seeps out of Lhightning's ghost.
You hit Lhightning's ghost.
Flame seeps out of Lhightning's ghost.
Lhightning's ghost is severely damaged.
Lhightning's ghost is engulfed in blazing flames.
Flame seeps out of Lhightning's ghost.
Lhightning's ghost hits you!
You feel your power leaking away.
Lhightning's ghost attacks as it pursues you!
Lhightning's ghost hits you.
You feel your power leaking away.
Lhightning's ghost attacks as it pursues you!
Lhightning's ghost hits you!!
* * * LOW HITPOINT WARNING * * *
You draw a card...
You have drawn the Swarm.
Lhightning's ghost hits you!!
You die...
Your body disappears without a glow.

##.....### #................
#........###................
##.........#................
#...........P...............
#...........................
#............................
###.......y..................
##.......y.................
##.....yy@W..)............
##........#..............
#.....#####(............
####......#.##....P##...P..
#...........#.)....#.####..
##.................##..#####
#........................###
#..(.....####8...8####.#.~~.
#........#♣?###'###.♣#~....~


You could see Lhightning's ghost (inner flame, ally target), a friendly queen
bee (summoned) and 3 friendly killer bees.

Vanquished Creatures
  A fire dragon (Lair:3)
  2 hydras
  A two-headed ogre (D:10)
  Amaemon (Lair:3)
  A skyshark (Lair:5)
  A goliath frog (Lair:5)
  An ugly thing (IceCv)
  A wolf spider (Lair:3)
  An elephant (Lair:4)
  6 black mambas
  A torpor snail (Lair:3)
  A water nymph (Lair:3)
  A gargoyle (D:10)
  3 ice statues (IceCv)
  A freezing wraith (IceCv)
  19 cane toads
  An orange demon (Lair:3)
  An unseen horror (Lair:5)
  A rime drake (Lair:4)
  5 komodo dragons
  3 polar bears
  2 tyrant leeches (Lair:5)
  A troll (D:10)
  A tarantella (Lair:5)
  A hornet (Lair:5)
  13 blink frogs
  Grinder (D:3)
  Sigmund (D:4)
  A shadow (D:9)
  A spriggan (Lair:5)
  A culicivora (Lair:3)
  29 yaks
  2 humans
  A steam dragon (D:7)
  3 wyverns
  4 hogs (D:7)
  3 vampire mosquitoes (Lair:5)
  A hydra simulacrum (IceCv)
  8 water moccasins
  An orc warrior (D:10)
  A sky beast (D:6)
  2 black bears
  2 boggarts
  8 wolves
  A kobold brigand (D:6)
  19 bullfrogs
  A gnoll sergeant (D:10)
  2 cane toad simulacra (IceCv)
  4 scorpions
  14 wights
  2 elephant simulacra (IceCv)
  4 killer bees (D:10)
  3 howler monkeys (D:7)
  An electric eel (Lair:3)
  2 bombardier beetles
  Crazy Yiuf (D:3)
  4 hounds
  7 jellies
  6 orc priests
  A sleepcap (D:8)
  Ijyb (D:3)
  Terence (D:3)
  6 hell rats (Lair:1)
  An iguana (D:5)
  10 orc wizards
  A wolf simulacrum (IceCv)
  8 adders
  3 gnolls
  A shadow imp (D:8)
  2 white imps (D:5)
  An ufetubus (D:7)
  4 ribbon worms
  22 orcs
  10 bats
  5 endoplasms
  3 giant cockroaches
  4 goblins
  10 hobgoblins
  22 kobolds
  8 quokkas
  10 ball pythons
  5 frilled lizards
  9 rats
360 creatures vanquished.

Vanquished Creatures (collateral kills)
  A two-headed ogre (D:9)
  A spriggan (Lair:5)
  A goliath frog (Lair:5)
  A meliai (Lair:5)
  A hornet (Lair:5)
  5 blink frogs (Lair:5)
  2 yaks (Lair:1)
  A basilisk (Lair:4)
  2 vampire mosquitoes (Lair:5)
  A harpy simulacrum (IceCv)
  An orc warrior (D:9)
  2 black bears (D:8)
  3 wolves
  A centaur (D:9)
  2 kobold brigands
  4 bullfrogs
  A howler monkey (D:10)
  A hound (Lair:4)
  A gnoll bouda (D:8)
  4 orc wizards
  4 gnolls (D:8)
  9 orcs
  3 kobolds (D:9)
52 creatures vanquished.

Vanquished Creatures (others)
  A hound (D:6)
  4 gnolls
5 creatures vanquished.

Grand Total: 417 creatures vanquished

Notes
Turn   | Place    | Note
-------+----------+-------------------------------------------
     0 | D:5      | Reached skill level 9 in Stealth
     0 | D:5      | Skullgrim the Gnoll Delver began the quest for the Orb.
     0 | D:5      | Reached XP level 1. HP: 23/23 MP: 1/1
     2 | D:5      | Found the +7 staff of the Meek {protect, meekguard}
    25 | D:5      | Noticed a jelly
    85 | D:5      | Noticed a bombardier beetle
   101 | D:5      | Killed a bombardier beetle
   102 | D:5      | Reached skill level 1 in Invocations
   102 | D:5      | Reached XP level 2. HP: 26/29 MP: 1/3
   102 | D:5      | Reached XP level 3. HP: 32/35 MP: 1/4
   300 | D:5      | Reached skill level 1 in Short Blades
   300 | D:5      | Reached skill level 1 in Long Blades
   300 | D:5      | Reached skill level 1 in Maces & Flails
   300 | D:5      | Reached skill level 1 in Polearms
   300 | D:5      | Reached skill level 1 in Staves
   300 | D:5      | Reached skill level 1 in Ranged Weapons
   300 | D:5      | Reached skill level 1 in Throwing
   300 | D:5      | Reached skill level 1 in Armour
   300 | D:5      | Reached skill level 1 in Shields
   300 | D:5      | Reached skill level 1 in Unarmed Combat
   300 | D:5      | Reached skill level 1 in Spellcasting
   300 | D:5      | Reached skill level 1 in Evocations
   300 | D:5      | Reached skill level 1 in Shapeshifting
   300 | D:5      | Reached XP level 4. HP: 41/41 MP: 5/5
   331 | D:5      | Noticed a scorpion
   338 | D:5      | Killed a scorpion
   339 | D:5      | Reached skill level 1 in Conjurations
   339 | D:5      | Reached skill level 1 in Hexes
   339 | D:5      | Reached skill level 1 in Summonings
   339 | D:5      | Reached skill level 1 in Necromancy
   339 | D:5      | Reached skill level 1 in Translocations
   339 | D:5      | Reached skill level 1 in Fire Magic
   339 | D:5      | Reached skill level 1 in Ice Magic
   339 | D:5      | Reached skill level 1 in Air Magic
   339 | D:5      | Reached skill level 1 in Earth Magic
   339 | D:5      | Reached skill level 1 in Alchemy
   339 | D:5      | Reached XP level 5. HP: 47/47 MP: 5/7
   558 | D:5      | Found a staircase to the Ecumenical Temple.
   576 | Temple   | Entered the Ecumenical Temple
   595 | Temple   | Became a worshipper of Nemelex Xobeh the Trickster
   682 | D:5      | Reached XP level 6. HP: 51/53 MP: 8/8
   685 | D:5      | Reached skill level 5 in Axes
   685 | D:5      | Reached skill level 5 in Dodging
   814 | D:4      | Got The Basics of Willworking
   817 | D:4      | Learned a level 1 spell: Freeze
  1450 | D:4      | Reached XP level 7. HP: 60/60 MP: 4/10
  1511 | D:4      | Noticed Sigmund
  1519 | D:4      | Killed Sigmund
  1619 | D:4      | Reached * piety under Nemelex Xobeh
  1768 | D:3      | Reached skill level 10 in Stealth
  1897 | D:3      | Noticed Ijyb
  1915 | D:3      | Killed Ijyb
  1916 | D:3      | Found a faded altar of an unknown god.
  2087 | D:3      | Found a runed translucent door.
  2088 | D:3      | Noticed Crazy Yiuf
  2109 | D:3      | Killed Crazy Yiuf
  2262 | D:3      | Noticed Terence
  2280 | D:3      | Killed Terence
  2569 | D:3      | Noticed Grinder
  2580 | D:3      | Killed Grinder
  2581 | D:3      | Reached XP level 8. HP: 58/67 MP: 10/12
  2625 | D:3      | Learned a level 3 spell: Fugue of the Fallen
  2759 | D:2      | Received a gift from Nemelex Xobeh
  3368 | D:2      | Reached ** piety under Nemelex Xobeh
  4556 | D:6      | Received a gift from Nemelex Xobeh
  4670 | D:6      | Found a glowing drain.
  4694 | Sewer    | Entered a sewer
  4943 | Sewer    | Received a gift from Nemelex Xobeh
  4987 | Sewer    | Gained mutation: Your body sometimes deteriorates upon
                  | taking damage. [potion of mutation]
  4987 | Sewer    | Gained mutation: Your body often deteriorates upon taking
                  | damage. [potion of mutation]
  4988 | Sewer    | Lost mutation: Your body often deteriorates upon taking
                  | damage. [potion of mutation]
  4988 | Sewer    | Lost mutation: Your body sometimes deteriorates upon taking
                  | damage. [potion of mutation]
  4988 | Sewer    | Gained mutation: You possess an exceptional clarity of
                  | mind. [potion of mutation]
  4988 | Sewer    | Gained mutation: Your natural rate of healing is unusually
                  | fast. [potion of mutation]
  4988 | Sewer    | Gained mutation: Your spells are a little harder to cast,
                  | but a little more powerful. [potion of mutation]
  5054 | D:6      | Reached *** piety under Nemelex Xobeh
  5244 | D:6      | Found a broken altar of Ashenzari.
  5440 | D:6      | Reached XP level 9. HP: 56/73 MP: 14/14
  6068 | D:7      | Received a gift from Nemelex Xobeh
  6348 | D:7      | Reached skill level 5 in Invocations
  6756 | D:8      | Reached skill level 5 in Short Blades
  6756 | D:8      | Reached skill level 5 in Long Blades
  6756 | D:8      | Reached skill level 5 in Maces & Flails
  6756 | D:8      | Reached skill level 5 in Polearms
  6756 | D:8      | Reached skill level 5 in Staves
  6756 | D:8      | Reached skill level 5 in Ranged Weapons
  6756 | D:8      | Reached skill level 5 in Throwing
  6756 | D:8      | Reached skill level 5 in Armour
  6756 | D:8      | Reached skill level 5 in Shields
  6756 | D:8      | Reached skill level 5 in Unarmed Combat
  6756 | D:8      | Reached skill level 5 in Spellcasting
  6756 | D:8      | Reached skill level 5 in Evocations
  6757 | D:8      | Reached XP level 10. HP: 81/81 MP: 17/17
  6832 | D:8      | Reached **** piety under Nemelex Xobeh
  7072 | D:8      | Found an ornate altar of the Wu Jian Council.
  7085 | D:8      | Learned a level 2 spell: Call Imp
  7639 | D:9      | Reached skill level 11 in Stealth
  7702 | D:9      | Noticed a two-headed ogre
  7710 | D:9      | Killed a two-headed ogre
  7711 | D:9      | Reached skill level 5 in Shapeshifting
  7810 | D:10     | Entered Level 10 of the Dungeon
  7856 | D:10     | Received a gift from Nemelex Xobeh
  7909 | D:10     | Noticed a gargoyle
  7949 | D:10     | Killed a gargoyle
  7991 | D:10     | Found a staircase to the Lair.
  8032 | D:10     | Learned a level 4 spell: Vhi's Electric Charge
  8170 | D:10     | Found a stormy altar of Qazlal.
  8172 | D:10     | Found a glowing golden altar of the Shining One.
  8325 | D:10     | Noticed a two-headed ogre
  8343 | D:10     | Killed a two-headed ogre
  8344 | D:10     | Reached skill level 5 in Conjurations
  8344 | D:10     | Reached skill level 5 in Hexes
  8344 | D:10     | Reached skill level 5 in Summonings
  8344 | D:10     | Reached skill level 5 in Necromancy
  8344 | D:10     | Reached skill level 5 in Translocations
  8344 | D:10     | Reached skill level 5 in Fire Magic
  8344 | D:10     | Reached skill level 5 in Ice Magic
  8344 | D:10     | Reached skill level 5 in Air Magic
  8344 | D:10     | Reached skill level 5 in Earth Magic
  8344 | D:10     | Reached skill level 5 in Alchemy
  8344 | D:10     | Reached XP level 11. HP: 86/89 MP: 20/20
  8389 | D:10     | Learned a level 3 spell: Call Canine Familiar
  8393 | D:10     | Learned a level 3 spell: Sigil of Binding
  8777 | Lair:1   | Entered Level 1 of the Lair of Beasts
  8802 | Lair:1   | Received a gift from Nemelex Xobeh
  9176 | Lair:1   | Reached ***** piety under Nemelex Xobeh
  9344 | Lair:1   | Received a gift from Nemelex Xobeh
  9669 | Lair:1   | Noticed a seven-headed hydra
  9733 | Lair:1   | Killed a seven-headed hydra
  9734 | Lair:1   | Reached XP level 12. HP: 82/97 MP: 22/22
 10198 | Lair:2   | Reached skill level 12 in Stealth
 10206 | Lair:2   | Found a frozen archway.
 10221 | IceCv    | Entered an ice cave
 10620 | IceCv    | Reached skill level 10 in Fighting
 10713 | IceCv    | Identified the +1 scale mail of Understanding {Will++}
 10773 | Lair:2   | Received a gift from Nemelex Xobeh
 11006 | Lair:2   | Received a gift from Nemelex Xobeh
 11321 | Lair:2   | Received a gift from Nemelex Xobeh
 11877 | Lair:3   | Received a gift from Nemelex Xobeh
 11972 | Lair:3   | Noticed Amaemon
 11998 | Lair:3   | Killed Amaemon
 12100 | Lair:3   | Received a gift from Nemelex Xobeh
 12226 | Lair:3   | Found a hole to the Spider Nest.
 12291 | Lair:3   | Noticed a fire dragon
 12300 | Lair:3   | Killed a fire dragon
 12403 | Lair:3   | Reached XP level 13. HP: 104/104 MP: 25/25
 13100 | Lair:4   | Received a gift from Nemelex Xobeh
 13311 | Lair:4   | Learned a level 7 spell: Summon Hydra
 13470 | Lair:4   | Received a gift from Nemelex Xobeh
 13506 | Lair:4   | Reached ****** piety under Nemelex Xobeh
 13604 | Lair:4   | Identified the -1 quarterstaff of Tenacity {flame, Int+3}
 14028 | Lair:5   | Entered Level 5 of the Lair of Beasts
 14283 | Lair:5   | Reached skill level 10 in Axes
 14283 | Lair:5   | Reached skill level 10 in Dodging
 14388 | Lair:5   | Received a gift from Nemelex Xobeh
 14554 | Lair:5   | Found an iron altar of Okawaru.
 14599 | Lair:5   | Learned a level 6 spell: Plasma Beam
 14654 | Lair:5   | Found a staircase to the Slime Pits.
 14654 | Lair:5   | Found a viscous altar of Jiyva.
 14792 | Lair:5   | Received a gift from Nemelex Xobeh
 14833 | Lair:5   | Identified the staff "Qelumul" {rC+ rCorr Ice}
 14848 | Lair:5   | Reached skill level 13 in Stealth
 15015 | Lair:5   | Found a runed translucent door.
 15110 | Lair:5   | Identified the +8 spear of Infection {heavy, rF- Int+2
                  | Dex+3}
 15115 | Lair:5   | Noticed Lhightning's ghost (journeyman MiBe)
 15220 | Lair:5   | Reached skill level 10 in Invocations
 15220 | Lair:5   | Reached XP level 14. HP: 99/113 MP: 27/27
 15236 | Lair:5   | Slain by Lhightning's ghost

Illustrated notes

Levels and vault maps discovered:
D:1:      eino_arrival_water_star, layout_rooms, serial_glass, glass_columns_b,
          glass_columns_a, minmay_surrounded
D:2:      layout_loops_corners, minmay_misc_feat_rows, minmay_octomino_c4
D:3:      layout_basic, hellmonk_ecumenical_altar_arch_garden,
          hangedman_abyss_or_decor_stabs, uniq_terence, uniq_ijyb, uniq_grinder,
          uniq_crazy_yiuf_cottage
D:4:      layout_loops_cross, uniq_sigmund
D:5:      layout_gridville, minmay_temple_entry_mist
D:6:      layout_basic, ashenzari_altar_1, gup_sewer_entry_pipe
D:7:      layout_basic, grunt_livestock, st_stairs_3
D:8:      layout_rooms, mainiacjoe_overflow_boulevard
D:9:      layout_roguey
D:10:     layout_gridville, mainiacjoe_overflow_catwalk_spiral,
          lair_entry_dummy, roderic_roman_lattice, abandoned_shop
Temple:   compressed_dpeg_circular_temple
Lair:1:   cheibrodos_lair_river_kwai, layout_regular_city,
          chequers_serial_rivers_small_3
Lair:2:   wander_river, layout_cellular_growth, portal_ice_cave_entry_pillars_1
Lair:3:   dragon1_lemuel, layout_gridlike, nicolae_shoals_entry_flooding,
          spider_nest_entry_funnel_web, uniq_amaemon
Lair:4:   layout_gridlike, beast_lair_carwin_8
Lair:5:   minmay_lair_end_frog_pond, layout_gridlike,
          nicolae_slime_entry_field_trip, basic_altar,
          ebering_ghost_funeral_grove, minivault_24, lemuel_fruit_fields

Skill      XL: |  1  2  3  4  5  6  7  8  9 10 11 12 13 |
---------------+----------------------------------------+-----
Stealth        | 10 11 12 13 | 13.0
Invocations    | 1 2 3 4 5 6 7 8 10 | 10.0
Short Blades   | 1 2 3 5 6 7 8 9 |  9.2
Long Blades    | 1 2 3 5 6 7 8 9 |  9.2
Maces & Flails | 1 2 3 5 6 7 8 9 |  9.2
Polearms       | 1 2 3 5 6 7 8 9 |  9.2
Staves         | 1 2 3 5 6 7 8 9 |  9.2
Ranged Weapons | 1 2 3 5 6 7 8 9 |  9.2
Throwing       | 1 2 3 5 6 7 8 9 |  9.2
Armour         | 1 2 3 5 6 7 8 9 |  9.2
Shields        | 1 2 3 5 6 7 8 9 |  9.2
Unarmed Combat | 1 2 3 5 6 7 8 9 |  9.2
Spellcasting   | 1 2 3 5 6 7 8 9 |  9.2
Evocations     | 1 2 3 5 6 7 8 9 |  9.2
Shapeshifting  | 1 2 3 4 5 6 7 8 |  8.4
Conjurations   | 1 2 3 4 5 6 7 |  7.6
Hexes          | 1 2 3 4 5 6 7 |  7.6
Summonings     | 1 2 3 4 5 6 7 |  7.6
Necromancy     | 1 2 3 4 5 6 7 |  7.6
Translocations | 1 2 3 4 5 6 7 |  7.6
Fire Magic     | 1 2 3 4 5 6 7 |  7.6
Ice Magic      | 1 2 3 4 5 6 7 |  7.6
Air Magic      | 1 2 3 4 5 6 7 |  7.6
Earth Magic    | 1 2 3 4 5 6 7 |  7.6
Alchemy        | 1 2 3 4 5 6 7 |  7.6
Axes           | 5 6 7 8 9 10 | 10.3
Dodging        | 5 6 7 8 9 10 | 10.3
Fighting       | 7 8 9 10 11 | 11.2

Action                     |  1- 3 |  4- 6 |  7- 9 | 10-12 | 13-15 || total
---------------------------+-------+-------+-------+-------+-------++-------
  Melee: Quarterstaff      |     7 |    84 |   276 |   459 |   322 ||  1148
         Bite              |     1 |     5 |    17 |    58 |    43 ||   124
  Throw: Boomerang         |       |    14 |       |       |       ||    14
         Dart              |       |       |     2 |       |     3 ||     5
         Javelin           |       |       |    14 |    44 |     2 ||    60
         Throwing net      |       |       |       |       |     1 ||     1
   Cast: Freeze            |       |     9 |    19 |     5 |    10 ||    43
         Fugue of the Fall |       |       |     2 |     4 |     1 ||     7
         Call Canine Famil |       |       |       |     2 |       ||     2
         Call Imp          |       |       |       |       |     1 ||     1
         Sigil of Binding  |       |       |       |       |     1 ||     1
 Invoke: Draw Summoning    |       |       |     1 |     9 |     8 ||    18
         Draw Destruction  |       |       |       |    21 |    14 ||    35
         Draw Escape       |       |       |       |       |     2 ||     2
         Stack Five        |       |       |       |       |     1 ||     1
         Draw Stack        |       |       |       |       |     2 ||     2
  Evoke: Wand              |       |       |     5 |    18 |    13 ||    36
    Use: Potion            |     1 |     1 |     4 |     6 |     3 ||    15
         Scroll            |       |     4 |    13 |    13 |     7 ||    37
   Stab: Sleeping          |       |     4 |    12 |     4 |       ||    20
         Petrified         |       |       |       |     4 |       ||     4
         Distracted        |       |       |       |     2 |       ||     2
 Armour: Leather armour    |     2 |    44 |   175 |       |       ||   221
         Ring mail         |       |       |       |   356 |   208 ||   564
  Dodge: Dodged            |     2 |    51 |   273 |   599 |   387 ||  1312
  Block: Other             |       |       |    75 |   126 |   100 ||   301
         Reflection        |       |       |     1 |     4 |       ||     5
